 Dungeon Crawl Stone Soup version 0.31.0-12-g77e489cdc1 (webtiles) character file.

Game seed: 17095393327003573944

126 hawla the Shield-Bearer (level 4, 0/39 HPs)
             Began as a Minotaur Fighter on Feb 18, 2024.
             Slain by an orc wizard
             ... wielding a +0 dagger
              (2 damage)
             ... on level 3 of the Dungeon.
             The game lasted 00:04:24 (1857 turns).

hawla the Shield-Bearer (Minotaur Fighter)          Turns: 1857, Time: 00:04:24

Health: 0/39       AC: 11    Str: 21    XL:     4   Next: 83%
Magic:  0/3        EV:  7    Int:  5    God:
Gold:   96         SH:  5    Dex: 11    Spells: 3/3 levels left

rFire   . . .        a - +0 long sword
rCold   . . .        c - +0 buckler
rNeg    . . .        l - +0 plate armour
rPois   .            (helmet restricted)
rElec   .            (no cloak)
rCorr   .            (no gloves)
SInv    .            (no boots)
Will    +....        j - amulet of guardian spirit Stlth
                     (no ring)
HPRegen 0.26/turn    (no ring)
MPRegen 0.08/turn

%: guardian spirit
@: attractive, enlightened, flying, hasted, very quick
A: horns 2, retaliatory headbutt
a: no special abilities


You were on level 3 of the Dungeon.
You visited 1 branch of the dungeon, and saw 3 of its levels.

You collected 96 gold pieces.

Inventory:

Hand Weapons
 a - a +0 long sword (weapon)
Missiles
 m - 4 poisoned darts (quivered)
Armour
 c - a +0 buckler (worn)
 l - a +0 plate armour (worn)
Jewellery
 j - an amulet of guardian spirit (around neck)
 p - a ring of protection from cold
Scrolls
 i - a scroll of revelation


   Skills:
 - Level 3.6 Fighting
 - Level 2.4 Long Blades
 - Level 3.6 Armour
 + Level 3.9 Dodging
 - Level 5.0 Shields


You had 3 spell levels left.
You didn't know any spells.
Your spell library was empty.

Dungeon Overview and Level Annotations

Branches:
Dungeon (3/15)

Altars:

Shops:
D:2 :


Innate Abilities, Weirdness & Mutations

You have a pair of horns on your head.
You reflexively headbutt those who attack you in melee.


Message History

The orc wizard hits you but does no damage.
Something hits you but does no damage. Ijyb hits you but does no damage.
You completely miss Ijyb.
Ijyb is almost dead.
You feel your willpower return. The kobold hits you but does no damage.
You block the orc wizard's attack. Something hits you but does no damage.
Ijyb hits you but does no damage.
You closely miss Ijyb.
Ijyb is almost dead.
The kobold hits you but does no damage. The orc wizard barely misses you.
Something hits you but does no damage. You block Ijyb's attack.
You hit Ijyb.
You kill Ijyb!
The kobold barely misses you. You furiously retaliate!
You headbutt the kobold!
You kill the kobold!
The orc wizard hits you but does no damage.
Something hits you but does no damage.
You closely miss the orc wizard. You headbutt the orc wizard!
You kill the orc wizard!
Something hits you.
* * * LOW HITPOINT WARNING * * *
You barely miss something. Your headbutt misses something. Something hits you.
* * * LOW HITPOINT WARNING * * *
You miss something. You barely miss something. Something hits you.
* * * LOW HITPOINT WARNING * * *
You hit something but do no damage. Your headbutt misses something.
Something hits you but does no damage.
You barely miss something. You headbutt something.
Something hits you but does no damage.
You closely miss something. Something hits you.
* * * LOW HITPOINT WARNING * * *
You miss something. You headbutt something.
Something hits you but does no damage.
You miss something. Your headbutt misses something.
Something hits you but does no damage.
You hit something.
You aren't carrying any items that you can evoke.
You barely miss something. Something hits you.
You die...

#..# #..# #..# ...
#<.# .♣ §.. ##..#
##♣~ #.# ##...###
#~~~~ #.#######......
#♣~P~♣#.)...........#
♣P~~~♣{).# #.....#
♣~P~~~@).# #..<#
#♣~~~~~)).♣# ##.##
#~P≈P~...~~♣ #.
~PP≈~~...~P♣ ..
P≈~≈~~....~~♣ ###
~~~≈~P....~P♣
~P≈~~♣...~~P♣
PP~~~~...P~♣♣
~~~~P....~PP


There were no monsters in sight!

Vanquished Creatures
  An orc priest (D:3)
  Ijyb (D:3)
  An orc wizard (D:3)
  An adder (D:2)
  3 ribbon worms (D:2)
  An orc (D:3)
  5 endoplasms
  4 goblins
  A hobgoblin (D:1)
  3 jackals (D:2)
  3 quokkas
  2 ball pythons (D:2)
  4 bats
  2 frilled lizards (D:2)
  5 kobolds
  3 rats (D:1)
40 creatures vanquished.

Notes
Turn   | Place    | Note
-------+----------+-------------------------------------------
     0 | D:1      | hawla the Minotaur Fighter began the quest for the Orb.
     0 | D:1      | Reached XP level 1. HP: 19/19 MP: 0/0
   123 | D:1      | Reached skill level 4 in Shields
   133 | D:1      | Found a faded altar of an unknown god.
   180 | D:1      | Reached XP level 2. HP: 26/26 MP: 1/1
   849 | D:2      | Reached skill level 5 in Shields
   851 | D:2      | Reached XP level 3. HP: 20/31 MP: 2/2
  1014 | D:2      | Reached skill level 1 in Dodging
  1048 | D:2      | Found Fohieluss's Book Shoppe.
  1817 | D:3      | Noticed Ijyb
  1825 | D:3      | Reached XP level 4. HP: 24/39 MP: 3/3
  1846 | D:3      | Killed Ijyb
  1853 | D:3      | HP: 1/39 [something (3)]
  1857 | D:3      | Slain by an orc wizard

Illustrated notes

Levels and vault maps discovered:
D:1:      evilmike_arrival_hilbert_curve, layout_basic,
          hellmonk_ecumenical_altar_run_dry
D:2:      layout_basic, serial_shops, shop
D:3:      layout_loops_ring, grunt_qazlal_sundering, serial_bayou_ford_a,
          minmay_tree_intersection, minmay_randomly_rotated_circles, uniq_ijyb

Skill      XL: |  1  2  3 |
---------------+----------+-----
Shields        | 4 5 |  5.0
Dodging        | 3 |  3.9
Fighting       | |  3.6
Long Blades    | |  2.4
Armour         | |  3.6

Action                     |  1- 3 |  4- 6 || total
---------------------------+-------+-------++-------
  Melee: Long sword        |    88 |    25 ||   113
         Headbutt          |     8 |     6 ||    14
    Use: Scroll            |     5 |       ||     5
         Potion            |       |     5 ||     5
 Armour: Scale mail        |    24 |       ||    24
         Plate armour      |    50 |    77 ||   127
  Dodge: Dodged            |    23 |    15 ||    38
  Block: Buckler           |    25 |     8 ||    33
